Map: Crimson Court LE

Players

A.I. 1 (Very Hard)

  • Race: Zerg Zerg
  • Spawn Location: 7:00

Doomslug - Winner!

  • Race: Terran Terran
  • League: Gold
  • Spawn Location: 1:00

VOD

Have the link to the VOD?

Description

Time

  • Played on: June 22, 2024, 5:50 p.m.
  • Length: 36:20
Show
View Real Time Build Order
Export as new Build Order

A.I. 1 (Very Hard) Zerg 

Build Orders: Hatch First 

Get SALT Encoding   

  12  0:00  Drone  
  13  0:12  Overlord  
  13  0:16  Drone  
  14  0:30  Drone x2  
  14  0:34  Drone  
  17  0:51  Hatchery  
  17  0:55  Drone  
  17  1:10  Spawning Pool  
  16  1:12  Drone  
  16  1:16  Extractor  
  16  1:17  Drone  
  17  1:21  Drone  
  18  1:28  Drone  
  19  1:38  Overlord  
  19  1:49  Drone  
  20  1:59  Queen  
  20  2:00  Zergling x2  
  23  2:03  Drone  
  24  2:10  Queen  
  24  2:15  Drone  
  27  2:25  Drone  
  27  2:26  Drone  
  27  2:28  Extractor, Drone  
  29  2:40  Roach Warren, Drone  
  29  2:44  Drone  
  29  2:46  Zergling x2  
  29  2:49  Zergling x2  
  32  2:54  Overlord  
  32  2:58  Drone  
  33  3:04  Drone  
  34  3:08  Drone  
  34  3:20  Roach  
  34  3:22  Roach x2  
  34  3:23  Roach  
  42  3:27  Lair  
  42  3:32  Overlord  
  42  3:37  Overlord  
  42  3:41  Zergling x2  
  43  3:42  Zergling x2  
  44  3:51  Drone x2, Zergling x2  
  44  3:53  Drone  
  48  3:55  Drone  
  48  3:58  Drone  
  50  4:02  Overlord  
  50  4:07  Roach  
  52  4:11  Roach  
  52  4:14  Roach  
  58  4:17  Roach  
  58  4:21  Overlord  
  58  4:27  Drone, Hydralisk Den  
  58  4:29  Drone  
  59  4:31  Drone  
  59  4:34  Roach  
  64  4:38  Roach  
  64  4:42  Overlord  
  64  4:56  Hydralisk x2  
  64  4:57  Hydralisk x2  
  72  5:01  Hydralisk  
  72  5:03  Drone  
  72  5:06  Overlord  
  75  5:09  Drone  
  75  5:11  Drone  
  75  5:12  Drone  
  78  5:14  Drone  
  78  5:16  Drone  
  78  5:18  Drone  
  78  5:20  Drone  
  82  5:22  Drone  
  82  5:23  Drone  
  82  5:27  Overlord  
  84  5:29  Drone  
  84  5:31  Drone  
  84  5:33  Drone  
  87  5:40  Infestation Pit  
  87  5:41  Drone  
  87  5:46  Overlord  
  87  5:51  Roach  
  87  5:56  Drone, Roach  
  91  5:58  Drone x2  
  91  5:59  Drone x2  
  91  6:03  Drone  
  91  6:09  Roach  
  92  6:13  Drone  
  92  6:16  Drone x2, Overlord  
  93  6:18  Ravager  
  93  6:21  Infestor  
  96  6:35  Infestor  
  98  6:43  Evolution Chamber  
  98  6:46  Evolution Chamber  
  98  6:47  Drone  
  97  6:49  Evolution Chamber  
  97  6:50  Ravager  
  97  6:53  Drone, Spine Crawler  
  97  6:57  Spine Crawler  
  97  6:58  Drone  
  97  7:16  Overseer  
  97  7:28  Infestor  
  97  7:29  Drone, Hatchery x2  
  98  7:30  Drone  
  98  7:35  Drone, Spore Crawler  
  99  7:37  Spore Crawler  
  99  7:38  Drone  
  99  7:56  Infestor  
  101  8:01  Overlord, Roach  
  103  8:06  Roach  
  105  8:14  Spine Crawler  
  104  8:23  Metabolic Boost  
  104  8:33  Queen  
  106  8:34  Queen  
  108  8:41  Drone x2  
  108  8:42  Drone x4  
  108  8:43  Zerg Missile Weapons Level 1, Drone x3  
  108  8:44  Drone x4, Overlord  
  108  8:45  Drone x2  
  108  8:46  Drone x3  
  125  8:50  Drone  
  125  8:52  Extractor, Zergling x2  
  125  8:54  Drone x2  
  125  8:55  Roach  
  122  8:57  Zergling x2  
  122  9:03  Hatchery  
  122  9:04  Extractor, Drone x2  
  122  9:06  Roach  
  122  9:07  Zergling x2  
  122  9:08  Zergling x2  
  118  9:11  Roach x3  
  118  9:12  Zergling x2, Roach  
  118  9:14  Drone x3  
  122  9:21  Roach  
  122  9:22  Roach  
  118  9:26  Drone, Hydralisk  
  121  9:33  Roach x2  
  121  9:36  Hydralisk  
  115  9:47  Hydralisk  
  115  9:52  Hydralisk  
  114  9:53  Ravager, Spine Crawler  
  114  9:59  Ravager  
  117  10:12  Zergling x2  
  118  10:15  Queen  
  118  10:16  Drone x3  
  118  10:17  Drone x4, Overlord, Infestor  
  118  10:18  Drone x3  
  118  10:19  Drone  
  118  10:20  Overseer  
  118  10:21  Roach  
  135  10:22  Roach  
  135  10:25  Extractor, Roach  
  135  10:26  Drone  
  139  10:29  Extractor  
  139  10:30  Drone  
  139  10:31  Spine Crawler  
  139  10:32  Drone  
  139  10:35  Zerg Melee Weapons Level 1  
  139  10:36  Overlord  
  139  10:40  Zergling x6  
  139  10:41  Baneling Nest  
  139  10:42  Drone  
  142  10:43  Spine Crawler  
  142  10:44  Drone  
  142  10:47  Drone, Spore Crawler  
  142  10:51  Spine Crawler  
  142  10:52  Drone  
  142  10:53  Spine Crawler  
  142  10:54  Drone, Spine Crawler  
  142  10:55  Drone, Overlord, Zerg Ground Armor Level 1  
  142  10:57  Hydralisk  
  142  11:01  Hydralisk  
  146  11:12  Lurker Den  
  146  11:13  Drone, Overlord  
  146  11:21  Ravager  
  146  11:23  Roach  
  146  11:24  Baneling, Zergling x2  
  146  11:25  Baneling  
  150  11:26  Baneling, Zergling x2  
  150  11:27  Baneling  
  150  11:29  Baneling, Zergling x2  
  150  11:30  Baneling  
  150  11:32  Spore Crawler  
  151  11:33  Drone, Spore Crawler  
  151  11:34  Drone  
  151  11:35  Overlord, Ravager  
  151  11:36  Hatchery, Spore Crawler  
  151  11:37  Drone x2, Roach  
  151  11:38  Drone, Roach, Spine Crawler  
  157  11:40  Roach  
  159  11:53  Hive  
  159  11:55  Overlord  
  159  12:12  Lurker, Spine Crawler  
  159  12:13  Drone  
  159  12:14  Spire  
  159  12:15  Drone  
  160  12:16  Spore Crawler  
  160  12:17  Drone  
  160  12:19  Spine Crawler  
  160  12:20  Drone  
  160  12:22  Spore Crawler  
  159  12:23  Drone  
  159  12:24  Spine Crawler  
  159  12:25  Drone  
  159  12:27  Spine Crawler  
  159  12:28  Drone  
  159  12:29  Zerg Missile Weapons Level 2, Spine Crawler  
  159  12:30  Drone  
  159  12:31  Spine Crawler  
  159  12:32  Drone  
  159  12:34  Drone, Spine Crawler  
  160  12:39  Zerg Melee Weapons Level 2  
  160  12:46  Spore Crawler  
  160  12:47  Overseer, Baneling, Drone, Zergling x4  
  160  12:50  Queen  
  164  12:51  Overseer  
  164  12:57  Pneumatized Carapace  
  164  12:59  Baneling  
  164  13:00  Baneling, Zergling x2  
  164  13:02  Baneling  
  164  13:03  Extractor  
  164  13:04  Viper, Drone  
  168  13:08  Centrifugal Hooks  
  168  13:10  Hatchery  
  168  13:11  Drone  
  168  13:13  Extractor, Drone  
  168  13:16  Drone, Spore Crawler  
  168  13:18  Spore Crawler  
  168  13:19  Drone  
  168  13:20  Viper, Spore Crawler  
  168  13:21  Drone, Overlord  
  171  13:27  Mutalisk x2, Spore Crawler  
  171  13:28  Drone  
  171  13:32  Mutalisk  
  177  13:38  Mutalisk  
  177  13:41  Baneling, Zergling x2  
  180  13:43  Baneling  
  180  13:46  Baneling x3, Zergling x4  
  182  13:50  Mutalisk  
  182  13:51  Spore Crawler  
  182  13:53  Drone  
  184  13:57  Mutalisk  
  184  14:02  Mutalisk  
  186  14:04  Zergling x4  
  186  14:05  Zergling x2  
  186  14:06  Zergling x2  
  186  14:07  Zergling x6  
  180  14:13  Infestor  
  180  14:16  Spore Crawler  
  147  14:17  Drone, Roach  
  147  14:18  Zergling x2, Roach x2  
  147  14:19  Zergling x2, Roach  
  147  14:20  Roach  
  147  14:21  Zergling x2, Roach  
  147  14:24  Queen  
  148  14:29  Baneling x2, Zergling x2, Mutalisk  
  153  14:31  Baneling, Zergling x2  
  153  14:32  Baneling x2, Zergling x2  
  153  14:33  Baneling  
  153  14:34  Baneling, Zergling x2, Mutalisk, Unknown  
  153  14:37  Drone  
  153  14:38  Mutalisk  
  158  14:39  Roach, Ravager  
  158  14:42  Spore Crawler  
  158  14:43  Drone, Ravager  
  158  14:45  Roach x2  
  168  14:47  Hydralisk  
  168  14:48  Hatchery  
  168  14:50  Drone  
  170  14:54  Infestor  
  170  14:59  Spine Crawler  
  171  15:00  Drone  
  171  15:01  Spine Crawler  
  171  15:02  Drone, Infestor  
  171  15:04  Drone, Spine Crawler  
  174  15:08  Spore Crawler  
  174  15:10  Drone  
  174  15:11  Zerg Melee Weapons Level 3  
  174  15:19  Zerg Missile Weapons Level 3  
  174  15:26  Zerg Ground Armor Level 2  
  174  15:42  Spine Crawler  
  173  15:43  Drone  
  173  15:45  Drone, Spore Crawler  
  174  15:59  Queen, Ravager  
  174  16:00  Roach  
  174  16:03  Ravager  
  182  16:04  Spore Crawler, Roach  
  182  16:05  Drone  
  182  16:06  Roach  
  182  16:07  Spore Crawler, Roach  
  182  16:08  Drone, Roach x2  
  182  16:10  Drone, Hydralisk, Spore Crawler  
  192  16:11  Extractor  
  192  16:12  Hydralisk  
  192  16:13  Drone  
  192  16:14  Hydralisk  
  192  16:16  Hydralisk  
  192  16:17  Extractor  
  197  16:19  Drone  
  197  16:24  Zergling x4  
  196  16:26  Zergling x2  
  196  16:28  Zergling x2  
  196  16:29  Mutalisk x2, Zergling x6  
  196  16:30  Mutalisk  
  191  16:33  Mutalisk x3  
  191  16:34  Mutalisk x2  
  191  16:35  Zergling x2, Mutalisk  
  191  16:37  Mutalisk  
  178  16:40  Roach  
  178  16:41  Roach  
  178  16:44  Zergling x2  
  178  16:45  Roach  
  180  16:51  Baneling, Drone, Zergling x2, Spine Crawler  
  180  16:52  Baneling x2, Zergling x2  
  180  16:53  Zergling x2  
  180  16:54  Spine Crawler  
  173  16:55  Drone  
  173  16:57  Lurker, Hydralisk, Roach, Spine Crawler  
  173  16:58  Baneling x3, Drone, Zergling x2  
  173  16:59  Baneling x2, Zergling x2  
  173  17:00  Baneling x3, Zergling x2  
  173  17:01  Baneling x3, Zergling x4  
  178  17:02  Baneling x2, Zergling x2  
  178  17:03  Roach, Ravager  
  183  17:11  Baneling, Zergling x2  
  184  17:16  Hydralisk, Roach  
  184  17:17  Roach x2  
  184  17:18  Mutalisk, Roach  
  184  17:22  Baneling, Zergling x2  
  171  17:24  Mutalisk  
  171  17:27  Baneling x2, Zergling x2  
  171  17:28  Mutalisk  
  170  17:30  Ravager  
  170  17:31  Mutalisk  
  170  17:35  Mutalisk  
  175  17:38  Mutalisk  
  175  17:40  Spore Crawler  
  175  17:41  Drone  
  175  17:42  Spore Crawler  
  175  17:43  Drone, Mutalisk  
  179  17:47  Mutalisk  
  181  17:51  Mutalisk  
  181  17:55  Mutalisk  
  185  17:59  Baneling  
  185  18:00  Baneling x3, Zergling x4  
  185  18:02  Baneling x2, Zergling x2, Spore Crawler  
  185  18:03  Drone  
  185  18:05  Baneling, Zergling x2  
  189  18:07  Baneling  
  189  18:11  Viper, Spine Crawler  
  189  18:12  Drone  
  192  18:13  Spine Crawler  
  192  18:15  Baneling, Drone, Zergling x2  
  192  18:16  Baneling x2, Zergling x2  
  194  18:23  Overseer  
  194  18:26  Zerg Ground Armor Level 3  
  194  18:27  Zergling x2  
  194  18:28  Zergling x4  
  194  18:29  Zergling x2  
  194  18:30  Spine Crawler  
  194  18:32  Drone, Zergling x2  
  187  18:34  Baneling x2, Zergling x2, Mutalisk  
  187  18:35  Zergling x4  
  187  18:36  Baneling x2, Zergling x4  
  151  18:41  Roach x2  
  151  18:42  Roach  
  151  18:43  Roach  
  151  18:44  Roach  
  151  18:45  Hydralisk  
  151  18:46  Hydralisk  
  151  18:47  Baneling, Zergling x2  
  126  18:48  Hydralisk  
  126  18:50  Roach  
  126  18:51  Roach  
  126  18:55  Baneling x2, Zergling x2  
  132  18:56  Infestor  
  132  19:01  Infestor  
  132  19:02  Zergling x2  
  136  19:03  Zergling x2, Roach  
  136  19:04  Zergling x4, Roach  
  136  19:05  Zergling x2  
  136  19:06  Zergling x6  
  136  19:07  Overseer  
  136  19:09  Mutalisk  
  137  19:10  Baneling, Zergling x2  
  137  19:16  Mutalisk  
  137  19:19  Mutalisk  
  137  19:22  Zergling x2  
  137  19:23  Mutalisk  
  138  19:27  Roach x3  
  138  19:28  Zergling x2, Roach x2  
  138  19:29  Zergling x2  
  129  19:32  Roach  
  129  19:33  Hydralisk  
  129  19:35  Hydralisk  
  129  19:38  Hydralisk  
  122  19:39  Overseer  
  122  19:41  Roach  
  122  19:43  Roach  
  122  19:44  Drone  
  122  19:45  Drone  
  120  19:54  Zergling x2  
  120  19:56  Zergling x2  
  120  19:59  Roach  
  109  20:00  Roach  
  109  20:02  Infestor  
  109  20:05  Infestor  
  115  20:07  Roach  
  115  20:09  Roach  
  115  20:11  Zergling x2  
  115  20:12  Zergling x2  
  115  20:13  Zergling x2  
  122  20:14  Zergling x2  
  122  20:16  Zergling x4  
  122  20:18  Zergling x2  
  122  20:19  Zergling x2  
  122  20:21  Mutalisk  
  127  20:23  Overlord  
  127  20:24  Zergling x2  
  127  20:26  Zergling x2  
  127  20:28  Mutalisk  
  131  20:29  Mutalisk, Hatchery  
  131  20:32  Drone  
  131  20:33  Mutalisk  
  131  20:35  Mutalisk  
  135  20:37  Baneling x3, Zergling x2  
  135  20:38  Zergling x2  
  135  20:39  Baneling x2  
  135  20:40  Zergling x2  
  135  20:41  Baneling  
  140  20:43  Overlord  
  140  20:44  Baneling  
  140  20:45  Zergling x2  
  140  20:46  Baneling x2  
  140  20:48  Hydralisk  
  143  20:59  Zergling x2  
  143  21:00  Ultralisk Cavern  
  143  21:02  Overlord  
  143  21:04  Baneling, Drone  
  143  21:05  Baneling x3  
  143  21:06  Zergling x2  
  143  21:07  Zergling x2  
  143  21:08  Zergling x2  
  143  21:09  Zergling x2  
  143  21:10  Zergling x2  
  136  21:12  Zergling x2  
  136  21:13  Zergling x2  
  136  21:14  Overseer  
  136  21:16  Zergling x2  
  136  21:17  Infestor  
  131  21:19  Infestor  
  131  21:21  Roach  
  131  21:23  Roach  
  131  21:25  Roach  
  114  21:26  Roach  
  114  21:28  Hydralisk  
  114  21:30  Hydralisk  
  114  21:32  Hydralisk  
  112  21:34  Hydralisk  
  112  21:36  Zergling x2  
  112  21:37  Zergling x2  
  112  21:38  Zergling x2  
  112  21:40  Zergling x4  
  112  21:41  Zergling x2  
  112  21:42  Zergling x2  
  112  21:43  Zergling x2  
  112  21:45  Zergling x2  
  112  21:46  Ultralisk, Zergling x2  
  123  21:53  Ultralisk  
  129  21:57  Roach  
  125  22:04  Roach  
  125  22:05  Hydralisk  
  125  22:07  Drone  
  120  22:08  Zergling x2  
  120  22:11  Roach x2  
  120  22:13  Hydralisk  
  120  22:14  Zergling x2  
  113  22:16  Hydralisk  
  113  22:18  Hydralisk  
  113  22:19  Zergling x2  
  118  22:25  Ultralisk  
  118  22:27  Hatchery  
  118  22:28  Drone  
  122  22:32  Ultralisk  
  122  22:34  Mutalisk  
  122  22:35  Mutalisk  
  132  22:37  Mutalisk  
  132  22:38  Baneling x2  
  132  22:39  Baneling x2  
  132  22:40  Baneling, Zergling x2  
  132  22:41  Zergling x2  
  132  22:42  Baneling  
  136  22:44  Drone  
  136  22:45  Infestor  
  137  22:51  Drone, Infestor  
  137  22:52  Spine Crawler  
  137  22:53  Drone  
  137  22:57  Overlord  
  139  23:01  Drone  
  139  23:03  Drone x2  
  139  23:05  Drone  
  126  23:06  Zergling x2  
  126  23:08  Zergling x2  
  126  23:09  Drone  
  126  23:10  Drone  
  126  23:12  Drone  
  127  23:13  Drone  
  127  23:14  Drone  
  127  23:16  Drone  
  127  23:17  Drone  
  127  23:18  Drone  
  127  23:19  Drone  
  127  23:21  Drone  
  127  23:22  Hydralisk  
  127  23:25  Roach  
  112  23:27  Roach  
  112  23:28  Roach  
  112  23:30  Roach  
  112  23:32  Hydralisk  
  118  23:34  Hydralisk  
  118  23:36  Hydralisk  
  118  23:37  Hatchery  
  118  23:38  Drone  
  118  23:39  Drone  
  118  23:40  Drone  
  124  23:41  Drone  
  124  23:44  Mutalisk  
  124  23:46  Baneling, Zergling x2  
  124  23:47  Mutalisk  
  130  23:49  Mutalisk  
  130  23:51  Mutalisk  
  134  23:56  Mutalisk  
  136  24:10  Ultralisk  
  136  24:13  Roach, Spine Crawler  
  136  24:15  Drone, Zergling x2, Roach  
  141  24:21  Mutalisk  
  141  24:22  Spine Crawler  
  141  24:23  Drone  
  137  24:24  Spine Crawler  
  137  24:25  Drone  
  137  24:26  Spore Crawler  
  137  24:27  Mutalisk  
  137  24:28  Drone  
  137  24:30  Zergling x4  
  128  24:32  Zergling x4  
  128  24:34  Baneling x2, Zergling x2  
  131  24:41  Ultralisk  
  137  24:46  Mutalisk  
  137  24:50  Queen, Spore Crawler  
  137  24:51  Drone  
  137  24:52  Baneling x2  
  141  24:53  Baneling  
  141  25:04  Spine Crawler  
  141  25:05  Drone, Spine Crawler  
  141  25:06  Drone  
  141  25:08  Spore Crawler  
  141  25:09  Drone  
  141  25:11  Spore Crawler  
  141  25:12  Drone  
  141  25:13  Unknown  
  140  25:14  Drone  
  140  25:16  Drone, Spore Crawler  
  140  25:17  Ultralisk, Spore Crawler  
  140  25:18  Drone  
  140  25:20  Spore Crawler  
  140  25:21  Baneling, Drone  
  147  25:22  Baneling, Zergling x2  
  147  25:25  Zergling x4  
  147  25:26  Baneling  
  147  25:27  Baneling, Zergling x2  
  150  25:28  Baneling x2, Zergling x2  
  150  25:31  Overseer, Overlord  
  151  25:37  Queen  
  151  25:40  Queen  
  151  25:42  Baneling x2, Zergling x2  
  156  25:45  Spore Crawler  
  156  25:46  Drone  
  156  25:47  Spore Crawler  
  156  25:49  Drone  
  156  25:51  Overlord  
  156  25:52  Baneling x3, Zergling x2  
  156  25:53  Baneling, Zergling x2  
  158  25:59  Ultralisk  
  158  26:01  Overseer  
  164  26:05  Overseer  
  164  26:09  Overlord  
  164  26:12  Zergling x2  
  164  26:14  Baneling x2, Zergling x2  
  164  26:15  Baneling x2, Zergling x4  
  159  26:19  Zergling x2  
  159  26:22  Zergling x8, Roach  
  159  26:23  Roach  
  130  26:25  Roach  
  130  26:26  Hydralisk, Roach  
  130  26:29  Hydralisk  
  130  26:32  Baneling, Zergling x2, Hydralisk  
  135  26:33  Baneling  
  135  26:37  Baneling, Zergling x2  
  135  26:38  Baneling x2, Zergling x2  
  137  26:43  Zergling x2  
  137  26:44  Zergling x4  
  137  26:45  Ultralisk  
  128  26:49  Hydralisk  
  122  26:54  Overseer  
  122  26:55  Zergling x4, Roach  
  122  26:56  Zergling x2  
  122  26:58  Zergling x2, Roach  
  122  27:01  Zergling x2, Roach  
  116  27:02  Zergling x2, Roach  
  116  27:04  Hydralisk  
  120  27:16  Zergling x2  
  120  27:19  Zergling x6  
  120  27:20  Ultralisk, Overlord  
  117  27:24  Hydralisk  
  117  27:25  Hatchery  
  117  27:27  Drone, Roach  
  119  27:31  Hydralisk  
  119  27:36  Hydralisk  
  123  27:38  Overlord  
  123  27:40  Overseer, Unknown  
  123  27:41  Drone  
  123  27:43  Zergling x4  
  123  27:44  Zergling x4  
  123  27:46  Zergling x2  
  123  27:47  Zergling x2  
  123  27:48  Roach  
  123  27:50  Zergling x8, Roach  
  117  27:52  Roach  
  117  27:56  Hydralisk  
  118  28:10  Infestor  
  117  28:12  Drone  
  117  28:13  Roach  
  117  28:14  Drone  
  117  28:15  Roach  
  117  28:18  Drone, Roach  
  117  28:19  Drone  
  118  28:21  Drone  
  118  28:22  Drone, Zergling x2  
  118  28:23  Zergling x6  
  118  28:24  Zergling x6, Roach  
  118  28:25  Zergling x4  
  118  28:26  Zergling x2  
  109  28:33  Hydralisk  
  101  28:42  Hydralisk  
  92  28:51  Roach x2  
  87  28:57  Zergling x2, Roach  
  87  29:01  Zergling x2  
  83  29:05  Roach  
  83  29:07  Hydralisk  
  83  29:09  Hatchery  
  82  29:14  Hydralisk  
  82  29:16  Zergling x2  
  86  29:18  Overseer  
  86  29:23  Roach  
  79  29:24  Zergling x2, Roach  
  79  29:27  Roach  
  79  29:28  Hydralisk x2  
  80  29:34  Hydralisk  
  80  29:35  Roach  
  75  29:41  Zergling x2  
  75  29:43  Drone  
  70  29:48  Zergling x2  
  65  29:55  Roach x2  
  38  30:18  Zergling x2  
  36  30:21  Zergling x2  
  30  30:44  Hatchery  
  29  30:52  Hatchery, Zergling x2  
  29  30:57  Zergling x2  
  29  31:13  Zergling x2  
  29  31:17  Zergling x2  
  29  31:38  Extractor  
  26  31:43  Overlord  
  26  31:58  Hatchery  
  25  32:18  Hatchery  
  25  32:19  Overlord  
  24  32:29  Hatchery  
  10  32:47  Unknown  
  9  32:53  Drone  
  9  32:55  Spawning Pool  
  9  33:16  Drone x3  
  11  33:46  Drone x2  
  11  33:47  Hatchery  
Show
View Real Time Build Order
Export as new Build Order

Doomslug Terran - Winner!

Build Orders:  

Get SALT Encoding   

  12  0:00  SCV  
  13  0:12  SCV  
  14  0:18  Supply Depot  
  14  0:24  SCV  
  15  0:39  SCV  
  16  0:42  Barracks  
  16  0:51  SCV  
  16  0:54  Refinery  
  17  1:03  SCV  
  18  1:16  SCV  
  19  1:28  SCV  
  20  1:40  SCV  
  20  1:44  Reaper  
  20  1:46  Command Center  
  22  1:52  Orbital Command  
  22  2:01  Supply Depot  
  22  2:19  Marine  
  23  2:26  Factory  
  23  2:32  SCV  
  24  2:40  Command Center  
  24  2:44  SCV  
  24  2:53  Barracks Reactor  
  24  2:59  SCV x2  
  24  3:02  Refinery  
  26  3:22  SCV  
  26  3:25  Orbital Command  
  27  3:38  Starport  
  27  3:40  Hellion x2  
  31  3:45  SCV  
  32  3:53  Orbital Command  
  32  3:57  SCV  
  32  3:59  Barracks Tech Lab  
  32  4:02  SCV  
  34  4:06  Hellion x2  
  38  4:14  SCV  
  39  4:18  Barracks  
  39  4:20  Barracks, Medivac  
  39  4:23  Combat Shield  
  41  4:30  SCV x2  
  41  4:31  SCV  
  44  4:42  SCV x2  
  44  4:43  SCV  
  47  4:46  Marauder  
  47  4:52  Refinery  
  49  4:53  Refinery  
  49  5:07  Marauder  
  49  5:10  Barracks Reactor  
  51  5:21  Marine  
  52  5:28  Marine  
  52  5:29  SCV  
  52  5:30  SCV  
  52  5:31  SCV  
  56  5:39  Supply Depot, Marine  
  56  5:41  SCV  
  56  5:42  SCV  
  59  5:43  SCV, Supply Depot, Engineering Bay  
  59  5:46  Marine  
  61  5:57  SCV, Marine  
  61  6:01  SCV  
  61  6:03  Engineering Bay  
  61  6:04  Marine  
  63  6:15  Marine  
  64  6:19  Orbital Command  
  64  6:37  Medivac x2  
  64  6:39  Stimpack  
  68  6:42  Terran Infantry Armor Level 1, Terran Infantry Weapons Level 1  
  68  6:59  SCV x3  
  68  7:00  Supply Depot x2  
  71  7:03  Supply Depot  
  71  7:11  SCV x2  
  71  7:12  SCV  
  74  7:22  Barracks Reactor  
  74  7:23  SCV x2, Factory Tech Lab  
  76  7:31  Armory  
  76  7:43  Infernal Pre-Igniter  
  76  8:14  SCV  
  76  8:15  SCV x2  
  79  8:25  Marauder, Marine x4  
  79  8:26  Supply Depot x2  
  79  8:27  SCV x3, Siege Tank  
  91  8:43  Marine x4  
  91  8:47  Marauder  
  94  8:59  Siege Tank  
  67  9:31  Siege Tank  
  62  9:50  Marauder, Marine x4  
  66  10:07  Marine  
  66  10:08  Marine x2  
  66  10:11  Marauder  
  71  10:24  Refinery  
  71  10:25  Refinery  
  71  10:26  Terran Infantry Weapons Level 2, Terran Infantry Armor Level 2  
  71  10:27  Terran Vehicle Weapons Level 1  
  71  10:33  Marauder  
  71  10:35  Command Center  
  73  10:40  Marine x4  
  80  10:42  Siege Tank  
  80  10:45  Medivac x2  
  84  10:54  Marauder  
  86  10:58  Marine x4  
  90  11:05  SCV x2  
  90  11:06  SCV  
  90  11:08  Command Center  
  90  11:09  Command Center  
  93  11:15  Siege Tank, Medivac, Marauder  
  93  11:16  Marine  
  93  11:17  SCV x2  
  93  11:18  SCV  
  104  11:27  Supply Depot  
  104  11:29  SCV x2  
  106  11:37  Marauder  
  108  11:47  Siege Tank  
  111  11:50  Marine x4  
  115  11:58  Marauder  
  117  12:07  Concussive Shells  
  117  12:08  Marine x4, Orbital Command  
  117  12:09  Barracks x2  
  117  12:13  Supply Depot x2  
  121  12:19  Hellion  
  121  12:20  Marauder  
  125  12:26  Marine x4  
  125  12:27  Planetary Fortress  
  125  12:28  Orbital Command  
  129  12:40  Sensor Tower, Hellion  
  129  12:41  Marauder  
  129  12:42  Unknown  
  133  12:57  Terran Infantry Weapons Level 3, Terran Infantry Armor Level 3  
  133  12:59  Terran Vehicle And Ship Armor Level 1  
  133  13:02  Barracks Reactor, Hellbat  
  133  13:04  Barracks Reactor  
  135  13:20  Orbital Command  
  135  13:23  Hellbat  
  135  13:25  Command Center  
  137  13:31  SCV x5  
  142  13:36  Marauder, Marine x4  
  148  13:41  Medivac x2  
  148  13:43  SCV x5  
  148  13:45  Hellbat  
  159  13:54  Marine x4  
  163  13:58  Marauder  
  165  14:06  Hellbat  
  156  14:12  Marine x4  
  119  14:19  Marine  
  102  14:27  Hellbat  
  102  14:29  Marine  
  102  14:30  Marine x3  
  108  14:34  Command Center  
  108  14:37  Marauder  
  110  14:47  Marine x2  
  110  14:48  Marine x2  
  114  14:56  Unknown  
  114  14:58  Marauder  
  116  15:05  Marine x4  
  116  15:07  Command Center  
  120  15:20  Command Center, Marauder  
  122  15:22  Terran Ship Weapons Level 1  
  122  15:23  Marine x4  
  126  15:39  SCV  
  126  15:40  Marine  
  128  15:51  SCV  
  128  15:55  Smart Servos  
  129  15:58  Marine  
  129  15:59  Marine  
  129  16:00  Marine x7  
  129  16:03  SCV, Siege Tank  
  142  16:05  Viking x2  
  146  16:15  SCV  
  146  16:17  Marauder, Marine x4  
  144  16:27  SCV  
  132  16:35  Viking, Siege Tank, Medivac  
  132  16:38  Marauder  
  127  17:05  Medivac x2  
  127  17:06  Marauder, Marine x8  
  127  17:07  Siege Tank  
  118  17:24  Marine x8  
  118  17:27  Marauder  
  112  17:35  Medivac  
  114  17:41  Marine  
  114  17:42  Marine x7  
  122  17:49  Marauder  
  124  17:52  Thor  
  124  17:56  Viking  
  132  17:59  Marine x4  
  132  18:00  Marine x2  
  132  18:01  Planetary Fortress  
  132  18:05  Medivac  
  140  18:10  Marauder  
  144  18:17  Marine x6  
  150  18:21  Barracks, Marine x2  
  150  18:25  Barracks  
  150  18:26  Viking, Barracks  
  152  18:27  Barracks  
  152  18:30  Barracks, Supply Depot  
  152  18:31  Marauder  
  152  18:32  Supply Depot  
  145  18:35  Thor, Medivac, Marine x5  
  145  18:36  Supply Depot  
  145  18:39  Marine x2  
  136  18:51  Marine  
  136  18:53  Marauder, Marine x5  
  138  18:56  Viking  
  138  18:57  Marine x2  
  142  19:05  Medivac  
  142  19:09  Marine  
  138  19:10  Marine  
  138  19:11  Marine x4  
  138  19:14  Marauder, Marine x2  
  143  19:18  Thor  
  146  19:26  Viking, Marine  
  146  19:28  Marine x2  
  146  19:29  Marine x3  
  147  19:32  Marine x2  
  147  19:36  Marauder  
  149  19:44  Marine  
  150  19:46  Marine  
  145  19:56  Marine  
  145  20:01  Thor  
  151  20:15  Marauder  
  153  20:26  Command Center  
  153  20:27  Orbital Command  
  153  20:31  Command Center  
  153  20:36  Marauder  
  155  20:44  Hellbat  
  155  20:48  Viking x2  
  155  20:49  Marine x8  
  169  20:57  Marine  
  170  21:06  Hellbat  
  170  21:07  Marine x8  
  152  21:15  Marine  
  138  21:18  Viking x2  
  138  21:25  Marine x8  
  139  21:27  Hellbat  
  136  21:33  Marine  
  137  21:42  Marine  
  137  21:43  Marine x7  
  145  21:48  Hellbat  
  145  21:50  Marine  
  143  22:00  Marine  
  143  22:01  Marine x7  
  143  22:02  Medivac  
  143  22:03  Viking  
  136  22:09  Marauder  
  136  22:10  Hellbat  
  133  22:18  Marine x7  
  133  22:19  Marine  
  139  22:30  Marauder  
  139  22:31  Siege Tank  
  139  22:32  Viking, Medivac  
  139  22:36  Marine x8  
  150  22:51  Hi-Sec Auto Tracking  
  150  22:52  Marauder  
  150  22:55  Planetary Fortress  
  150  22:57  Orbital Command  
  152  23:02  Viking, Medivac  
  152  23:03  Siege Tank  
  159  23:06  Refinery x2  
  135  23:12  Marine  
  135  23:13  Command Center x2  
  133  23:26  Marine x5  
  133  23:27  Marine x3  
  109  23:31  Marauder  
  109  23:32  Viking, Medivac  
  114  23:35  Siege Tank  
  117  23:44  Marine x8  
  117  23:48  Neosteel Armor  
  125  23:51  Terran Vehicle Weapons Level 2  
  125  23:52  Marauder  
  127  24:00  Barracks  
  127  24:01  Barracks x2  
  127  24:02  Marine x8  
  135  24:12  Missile Turret  
  135  24:13  Missile Turret x2  
  135  24:14  Marauder  
  135  24:15  Missile Turret  
  132  24:20  Marine x8  
  116  24:34  Marine  
  117  24:39  Thor  
  123  24:48  Marine x4  
  123  24:49  Marine x9  
  123  24:52  Marine  
  137  25:06  Marine x3  
  140  25:22  Thor  
  144  26:04  Thor  
  134  26:47  Thor, Marine x2  
  134  26:48  Marauder, Marine x11  
  144  27:05  Marine x2  
  144  27:06  Marine x11  
  156  27:09  Marauder  
  154  27:23  Marine x3  
  154  27:24  Marine x10  
  167  27:31  Hellbat, Marauder  
  171  27:41  Marine x4  
  171  27:42  Marine x9  
  177  27:52  Marine  
  177  27:56  Medivac x2  
  182  27:59  Marine x6  
  182  28:00  Marine x7  
  195  28:09  Marine  
  196  28:16  Marine  
  196  28:17  Marine x3  
  200  28:26  Medivac  
  198  28:28  Marauder  
  195  28:49  Marauder  
  195  28:51  Medivac  
  191  28:56  Medivac  
  192  29:06  Marine x12  
  197  29:21  Medivac  
  196  29:26  Medivac  
  187  30:03  Marine  
  187  30:04  Marauder, Marine x11  
  197  30:25  Marauder, Refinery  
  197  30:27  Refinery  
  199  30:32  Command Center  
  199  30:34  Command Center  
  199  30:35  Sensor Tower  
  198  30:46  Marauder  
  184  32:11  Hellbat  
  186  32:33  Hellbat  
  188  32:54  Hellbat  
  188  33:07  Medivac x2  
  188  33:09  Marauder, Marine x6  
  191  34:18  Planetary Fortress  
Tags
 
League
Gold
Matchup
TvZ
Spawn Locations
Cross Positions
Add a new tag
Caveats
  • Supply blocks, unpowered buildings, or Contaminate may cause inaccurate times.
  • Supply counts are checked every 10 seconds.